 Dungeon Crawl Stone Soup version 0.24-a0-48-g0ecae65 (webtiles) character file.

Game seed: 16619992247985326084

25 DarkinPup the Slasher (level 2, -5/23 HPs)
             Began as a Demonspawn Gladiator on Feb 3, 2019.
             Killed from afar by an orc wizard (7 damage)
             ... with a magic dart
             ... on level 1 of the Dungeon.
             The game lasted 00:00:46 (894 turns).

DarkinPup the Slasher (Demonspawn Gladiator)         Turns: 894, Time: 00:00:47

Health: -5/23      AC:  4    Str: 14    XL:     2   Next: 86%
Magic:  2/2        EV: 13    Int:  9    God:
Gold:   60         SH:  0    Dex: 16    Spells: 1/1 levels left

rFire    . . .     SeeInvis .   a - +0 long sword
rCold    . . .     Gourm    .   (no shield)
rNeg     . . .     Faith    .   b - +0 leather armour
rPois    .         Spirit   .   c - +0 helmet
rElec    .         Reflect  .   (no cloak)
rCorr    .         Harm     .   (no gloves)
MR       .....                  (no boots)
Stlth    ++........             (no amulet)
HPRegen  0.07/turn              (no ring)
MPRegen  0.08/turn              (no ring)

@: no status effects
A: thin skeletal structure 1
a: no special abilities


You were on level 1 of the Dungeon.
You were not hungry.

You visited 1 branch of the dungeon, and saw 2 of its levels.

You collected 60 gold pieces.

Inventory:

Hand Weapons
 a - a +0 long sword (weapon)
Missiles
 d - 3 throwing nets (quivered)
Armour
 b - a +0 leather armour (worn)
 c - a +0 helmet (worn)
Scrolls
 e - a scroll of amnesia {unknown}
 g - a scroll of immolation {unknown}
 j - a scroll of fear {unknown}
 k - a scroll of blinking {unknown}
Potions
 h - a potion of haste {unknown}
 i - a potion of cancellation {unknown}
Comestibles
 f - 4 rations


   Skills:
 + Level 2.5 Fighting
 + Level 3.1 Long Blades
 - Level 1.7 Throwing
 + Level 3.1 Dodging


You had one spell level left.
You didn't know any spells.
Your spell library was empty.

Dungeon Overview and Level Annotations

Branches:
Dungeon (2/15)

Altars:


Innate Abilities, Weirdness & Mutations

You have a somewhat thin skeletal structure. (Dex +2, Stealth)


Message History

* * * LOW HITPOINT WARNING * * *
The orc wizard gestures wildly while chanting.
The orc wizard flickers and vanishes!
Deactivating autopickup; reactivate with Ctrl-A.
The goblin barely misses you.
There is an open door here.
Items here: ) [[ รทรท a +0 leather armour; a +0 club; a +0 ring mail; an orc skeleton x2
You hit the orc.
The orc is moderately wounded.
The orc closely misses you.
You riposte.
You hit the orc.
You kill the orc!
You completely miss something. Something hits you but does no damage.
You closely miss something. Something hits you.
* * * LOW HITPOINT WARNING * * *
You barely miss something.
You hear some strange, mumbled words.
A magic dart appears from out of thin air!
The magic dart hits you!
You die...

#...................#.##'####
#...................#.##.#
#......>............#.##.#
#...................#.##.#
#...................#.##.#
#....######g#######.#..).#
#....# #[# #.###### ######
#.#######.# #..g.@....#
###########


You could see a goblin.

Vanquished Creatures
  A dart slug (D:1)
  4 orcs (D:1)
  4 bats (D:1)
  2 goblins (D:1)
  A hobgoblin (D:2)
  2 frilled lizards (D:1)
  6 rats (D:1)
20 creatures vanquished.

Notes
Turn   | Place    | Note
-------+----------+-------------------------------------------
     0 | D:1      | DarkinPup the Demonspawn Gladiator began the quest for the
                  | Orb.
     0 | D:1      | Reached XP level 1. HP: 16/16 MP: 1/1
   233 | D:1      | Gained mutation: You have a somewhat thin skeletal
                  | structure. (Dex +2, Stealth) [demonic ancestry]
   233 | D:1      | Reached XP level 2. HP: 22/22 MP: 2/2
   894 | D:1      | Killed from afar by an orc wizard

Vault maps used:
D:1:      dpeg_arrival_arbitrary_a, minmay_three_crescents
D:2:      eat_drink_and_be_merry_uskayaw, first_ration, minmay_pentomino_q4

Skill      XL: |  1  2 |
---------------+-------+-----
Long Blades    | 3 |  3.1
Dodging        | 3 |  3.1
Fighting       | |  2.5
Throwing       | |  1.7

Action                   || total
-------------------------++-------
Melee: Long sword        ||    50
 Stab: Sleeping          ||     1
Armor: Leather armour    ||    19
Dodge: Dodged            ||    42
       Rpst.: Long sword ||    10

Table legend:
 A = Non-vault XP
 B = Vault XP
 C = Vault XP percentage of total XP
 D = Non-vault monster count
 E = Vault monster count
 F = Vault count percentage of total count
                 A         B        C        D         E       F
            +---------+---------+-------+---------+---------+-------
      Total |      29 |       8 |  21.6 |      14 |       6 |  30.0
            +---------+---------+-------+---------+---------+-------
        D:1 |      27 |       8 |  22.9 |      13 |       6 |  31.6
        D:2 |       2 |       0 |   0.0 |       1 |       0 |   0.0
            +---------+---------+-------+---------+---------+-------
